 Dungeon Crawl Stone Soup version 0.25-a0-458-g6fc7858b95 (webtiles) character file.

Game seed: 15375074568602998779, levelgen mode: deterministic

79 Nattfarinn the Skirmisher (level 4, -1/30 HPs)
             Began as a Gargoyle Berserker on Jan 31, 2020.
             Was a Believer of Trog.
             Killed by divine providence
             ... invoked by an orc priest
              (14 damage)
             ... on level 3 of the Dungeon on Feb 2, 2020.
             The game lasted 00:01:47 (786 turns).

Nattfarinn the Skirmisher (Gargoyle Berserker)       Turns: 786, Time: 00:01:48

Health: -1/30      AC: 11    Str: 21    XL:     4   Next: 38%
Magic:  4/4        EV: 11    Int:  8    God:    Trog [**....]
Gold:   137        SH:  0    Dex:  9    Spells: 3/3 levels left

rFire    . . .     SeeInvis .   a - +0 mace
rCold    . . .     Gourm    .   (no shield)
rNeg     + . .     Faith    .   d - +0 ring mail
rPois    ∞         Spirit   .   (no helmet)
rElec    +         Reflect  .   (no cloak)
rCorr    .         Harm     .   j - +0 pair of gloves
MR       .....                  g - +0 pair of boots (curse)
Stlth    ..........             (no amulet)
HPRegen  0.10/turn              (no ring)
MPRegen  0.09/turn              (no ring)

@: no status effects
A: negative energy resistance 1, electricity resistance, unbreathing,
petrification resistance, rot immunity, AC +3
a: Berserk, Trog's Hand, Renounce Religion


You were on level 3 of the Dungeon.
You worshipped Trog.
Trog was pleased with you.
You were not hungry.

You visited 1 branch of the dungeon, and saw 3 of its levels.

You collected 137 gold pieces.

Inventory:

Hand Weapons
 a - a +0 mace (weapon)
Armour
 b - a +0 animal skin
 d - a +0 ring mail (worn)
 g - a cursed +0 pair of boots (worn)
 j - a +0 pair of gloves (worn)
Scrolls
 k - 2 scrolls of remove curse {unknown}
Potions
 e - a potion of lignification {unknown}
 h - 2 potions of haste {unknown}
 i - a potion of resistance {unknown}
 l - a potion of might {unknown}
Comestibles
 c - a ration
 f - 6 chunks of flesh


   Skills:
 * Level 4.3 Fighting
 + Level 3.4 Maces & Flails
 * Level 3.5 Armour
 - Level 1.5 Dodging


You had 3 spell levels left.
You didn't know any spells.
Your spell library was empty.

Dungeon Overview and Level Annotations

Branches:
Dungeon (3/15)

Altars:
Ashenzari


Innate Abilities, Weirdness & Mutations

You are resistant to torment.
Your stone body is resilient. (AC +3)
You are immune to poison.
You resist negative energy. (rN+)
You are resistant to electric shocks. (rElec)
You can survive without breathing.
You are immune to petrification.
You are immune to rotting.


Message History

The orc hits you with a +0 short sword.
The orc priest mumbles some strange prayers to Beogh against you.
Beogh smites you!
You sock the orc!
You kill the orc!
Trog accepts your kill.
You sock the orc priest!
The orc priest is severely wounded.
The orc priest closely misses you.
You hit the orc priest but do no damage.
The orc priest is severely wounded.
The orc priest hits you but does no damage.
You hit the orc priest.
The orc priest is almost dead.
The orc priest closely misses you. The orc priest hits you.
You hit the orc priest but do no damage.
The orc priest is almost dead.
The orc priest invokes the aid of Beogh against you.
Beogh smites you!
You die...

>.<.........+......#
.###.########......#
.# #.# #......#
.###.########......#
...................+
.
####...########'##.#
... #...# #.##+#....
#...# #.........
#.### #†@..!.... #.#
#.o)..#### #.#
#.....# #.# #.......
### #.......#
#.........
..........
#.........


You could see an orc priest.

Vanquished Creatures
  An orc wizard (D:3)
  An adder (D:2)
  A worm (D:2)
  A dart slug (D:1)
  2 leopard geckos
  2 orcs (D:3)
  A bat (D:2)
  2 giant cockroaches (D:1)
  3 goblins
  2 hobgoblins (D:1)
  5 jackals (D:1)
  3 kobolds
  A ball python (D:2)
  9 rats
34 creatures vanquished.

Notes
Turn   | Place    | Note
-------+----------+-------------------------------------------
     0 | D:1      | Nattfarinn the Gargoyle Berserker began the quest for the
                  | Orb.
     0 | D:1      | Reached XP level 1. HP: 14/14 MP: 1/1
    63 | D:1      | Upgraded the game from 0.25-a0-447-gff83419037 to
                  | 0.25-a0-458-g6fc7858b95
    74 | D:1      | Found a shattered altar of Ashenzari.
    92 | D:1      | Reached XP level 2. HP: 17/19 MP: 2/2
   359 | D:1      | Reached XP level 3. HP: 20/24 MP: 3/3
   568 | D:2      | Reached skill level 4 in Fighting
   648 | D:2      | Reached ** piety under Trog
   702 | D:2      | You fall into a shaft and drop 1 floor!
   781 | D:3      | Reached XP level 4. HP: 28/30 MP: 4/4
   786 | D:3      | Killed from afar by an orc priest

Levels and vault maps discovered:
D:1:      lightli_arrival_statue_moat, layout_rooms,
          corexii_hall_statues_deadend, chequers_mini_garden, ashenzari_altar_1
D:2:      layout_rooms, zin_academy, serial_forest, infiniplex_forest_pool,
          infiniplex_forest_lined_corner, infiniplex_forest_lined_1,
          infiniplex_forest_straight_5, first_ration, minmay_tree_intersection
D:3:      layout_basic, nicolae_overflow_hidden_temple,
          lemuel_coloured_pillars_altar, led_sif_pool, st_stairs_7

Skill      XL: |  1  2  3 |
---------------+----------+-----
Armour         | 3 |  3.5
Fighting       | 4 |  4.3
Maces & Flails | |  3.4
Dodging        | |  1.5

Action                   |  1- 3 |  4- 6 || total
-------------------------+-------+-------++-------
Melee: Mace              |   103 |     5 ||   108
Armor: Ring mail         |    65 |     1 ||    66
       Animal skin       |     2 |       ||     2
Dodge: Dodged            |    73 |     2 ||    75

Table legend:
 A = Non-vault XP
 B = Vault XP
 C = Vault XP percentage of total XP
 D = Non-vault monster count
 E = Vault monster count
 F = Vault count percentage of total count
                 A         B        C        D         E       F
            +---------+---------+-------+---------+---------+-------
      Total |     114 |       0 |   0.0 |      34 |       0 |   0.0
            +---------+---------+-------+---------+---------+-------
        D:1 |      36 |       0 |   0.0 |      19 |       0 |   0.0
        D:2 |      30 |       0 |   0.0 |      11 |       0 |   0.0
        D:3 |      48 |       0 |   0.0 |       4 |       0 |   0.0
            +---------+---------+-------+---------+---------+-------
